 Dungeon Crawl Stone Soup version 0.19.1 (webtiles) character file.

109 M4edhros the Insei (level 4, -1/27 HPs)
             Began as an Octopode Necromancer on Dec 25, 2016.
             Slain by an orc
             ... wielding a cursed -2 dagger
              (4 damage)
             ... on level 3 of the Dungeon.
             The game lasted 00:05:31 (923 turns).

M4edhros the Insei (Octopode Necromancer)            Turns: 923, Time: 00:05:32

Health: -1/27      AC:  1    Str:  7    XL:     4   Next: 89%
Magic:  0/7        EV: 13    Int: 17    God:
Gold:   109        SH:  0    Dex: 13    Spells: 3 memorised, 2 levels left

rFire  + . .     SeeInvis .       - Unarmed
rCold  . . .     Gourm    .     (no shield)
rNeg   . . .     Faith    .     (helmet restricted)
rPois  .         Spirit   .     (no amulet)
rElec  .         Reflect  .     g - ring of teleportation (curse)
rCorr  +         Harm     .     i - ring of protection from magic
MR     +....     Rnd*Tele +     k - ring of resist corrosion
Stlth  +++.......               c - ring of protection from fire
                                (no ring)
                                (no ring)
                                (no ring)
                                (no ring)

@: regenerating
A: almost no armour, stealthy swim, amphibious, 8 rings, constrict 8, camouflage
1, gelatinous body 1
a: no special abilities


You were on level 3 of the Dungeon.
You were hungry.

You visited 1 branch of the dungeon, and saw 3 of its levels.

You collected 109 gold pieces.

Inventory:

Missiles
 d - 24 sling bullets
Jewellery
 c - a ring of protection from fire (on tentacle)
 g - a cursed ring of teleportation (left tentacle)
 i - a ring of protection from magic (right tentacle)
 k - a ring of resist corrosion (on tentacle)
Scrolls
 e - a scroll of remove curse {unknown}
 f - a scroll of identify {unknown}
 h - a scroll of fog {unknown}
Potions
 j - a potion of berserk rage {unknown}
 n - a potion of invisibility {unknown}
 o - 2 potions of haste {unknown}
 p - a potion of cure mutation {unknown}
Books
 a - a book of Necromancy

   Spells                             Type                      Level
   a - Pain                           Necromancy                   1
   b - Animate Skeleton               Necromancy                   1
   c - Vampiric Draining              Necromancy                   3
   d - Regeneration                   Charms/Necromancy            3
   e - Animate Dead                   Necromancy                   4
   f - Control Undead                 Necromancy                   4
Comestibles
 b - 2 bread rations
 l - a meat ration
 m - a chunk of flesh


   Skills:
 - Level 2.0 Dodging
 - Level 2.6 Stealth
 + Level 4.3 Unarmed Combat
 - Level 2.0 Spellcasting
 - Level 4.0 Necromancy


You had 2 spell levels left.
You knew the following spells:

 Your Spells              Type           Power        Failure   Level  Hunger
a - Pain                  Necr           ###.         3%          1    #......
b - Animate Skeleton      Necr           N/A          3%          1    #......
c - Regeneration          Chrm/Necr      #.........   24%         3    ###....


Dungeon Overview and Level Annotations

Branches:
Dungeon (3/15)

Altars:


Innate Abilities, Weirdness & Mutations

You cannot wear most types of armour.
You are very stealthy in the water. (Stealth+)
You are amphibious.
You can wear up to eight rings at the same time.
You can use your tentacles to constrict eight enemies at once.
Your skin changes colour to match your surroundings (Stealth+).
Your rubbery body absorbs attacks. (AC +1, EV +1)


Message History

The orc is heavily wounded.
You constrict the orc. The jackal misses you.
The orc hits you with a trident of piercing.
* * * LOW HITPOINT WARNING * * *
x2 The jackal misses you.
Okay, then.
You tentacle-slap the orc.
You kill the orc!
The jackal barely misses you.
Your magical contamination has completely faded away.
Unknown command.
Casting: Regeneration
Confirm with . or Enter, or press ? or * to list all spells.
Your skin crawls.
The jackal misses you.
The orc hits you with an enchanted dagger.
* * * LOW HITPOINT WARNING * * *
You tentacle-slap the orc but do no damage.
Your grab misses the orc. The jackal barely misses you.
The orc hits you with an enchanted dagger.
You die...

###########
#..........
###+######.##
#...........#
#...........#
#...........#
######...........#
#.h..'..>........o
#@####...........#
#o# #..........o#
#.######+######.##
####.....o..######.##
#......o.........†...
#......##.......###.#
#......##.......# .#
#......##.......# +#
#......##.......#


You could see an orc and a jackal.

Vanquished Creatures
  An orc priest (D:3)
  Robin (D:3)
  An ooze (D:2)
  2 dart slugs
  2 orcs (D:3)
  A giant cockroach (D:1)
  10 goblins
  12 hobgoblins
  5 jackals (D:3)
  3 kobolds (D:1)
  A quokka (D:2)
  A ball python (D:3)
  5 bats
  4 frilled lizards
  3 rats
52 creatures vanquished.

Notes
Turn   | Place    | Note
-------+----------+-------------------------------------------
     0 | D:1      | M4edhros the Octopode Necromancer began the quest for the Orb.
     0 | D:1      | Reached XP level 1. HP: 11/11 MP: 3/3
    77 | D:1      | Reached skill level 1 in Unarmed Combat
   179 | D:1      | Reached XP level 2. HP: 2/17 MP: 0/5
   391 | D:1      | Reached XP level 3. HP: 10/21 MP: 3/6
   394 | D:1      | Learned a level 1 spell: Animate Skeleton
   398 | D:1      | Learned a level 3 spell: Regeneration
   662 | D:3      | Noticed Robin
   755 | D:3      | Killed Robin
   755 | D:3      | Reached XP level 4. HP: 22/27 MP: 2/7
   923 | D:3      | Slain by an orc

Skill      XL: |  1  2  3  4 |
---------------+-------------+-----
Unarmed Combat | 1 2 3 4 |  4.3
Dodging        | |  2.0
Stealth        | |  2.6
Spellcasting   | |  2.0
Necromancy     | |  4.0

Action                   |  1- 3 |  4- 6 || total
-------------------------+-------+-------++-------
Melee: Unarmed           |    55 |    39 ||    94
       Constrict         |    15 |    11 ||    26
       Tentacles         |     7 |     2 ||     9
       Punch             |     1 |       ||     1
 Cast: Pain              |    40 |       ||    40
       Regeneration      |     3 |     3 ||     6
       Animate Skeleton  |       |     2 ||     2
  Use: Potion            |     1 |       ||     1
 Stab: Sleeping          |     2 |       ||     2
  Eat: Chunk             |       |     1 ||     1
Armor: Skin              |     8 |     9 ||    17
Dodge: Dodged            |    46 |    40 ||    86
